 Dungeon Crawl Stone Soup version 0.21.1-1-g345015f (webtiles) character file.

235 snakesoul the Poker (level 6, -5/48 HPs)
             Began as a Merfolk Skald on June 24, 2018.
             Slain by a worker ant (6 damage)
             ... on level 4 of the Dungeon.
             The game lasted 00:05:12 (3214 turns).

snakesoul the Poker (Merfolk Skald)                 Turns: 3214, Time: 00:05:13

Health: -5/48      AC:  4    Str: 14    XL:     6   Next: 6%
Magic:  3/9        EV: 12    Int: 12    God:
Gold:   113        SH:  0    Dex: 13    Spells: 8/9 levels left

rFire    . . .     SeeInvis .   a - +0 spear
rCold    . . .     Gourm    .   (no shield)
rNeg     . . .     Faith    .   b - +0 leather armour
rPois    .         Spirit   .   n - +0 helmet
rElec    .         Reflect  .   (no cloak)
rCorr    .         Harm     .   (no gloves)
MR       .....                  (no boots)
Stlth    +.........             (no amulet)
HPRegen  0.16/turn              (no ring)
MPRegen  0.11/turn              (no ring)

@: lethally poisoned (-5 -> -13)
A: change form in water, swift swim, stealthy swim
a: no special abilities


You were on level 4 of the Dungeon.
You were not hungry.

You visited 1 branch of the dungeon, and saw 4 of its levels.

You collected 113 gold pieces.

Inventory:

Hand Weapons
 a - a +0 spear (weapon)
Armour
 b - a +0 leather armour (worn)
 n - a +0 helmet (worn)
Jewellery
 g - an uncursed ring of protection from fire {unknown}
Wands
 o - a wand of enslavement (14)
Scrolls
 e - 2 scrolls of teleportation {unknown}
 f - 2 scrolls of fear {unknown}
 i - 3 scrolls of enchant armour {unknown}
 m - 4 scrolls of identify {unknown}
 p - a scroll of blinking {unknown}
 q - a scroll of amnesia {unknown}
 s - 3 scrolls of remove curse {unknown}
Potions
 h - a potion of invisibility {unknown}
 j - a potion of magic {unknown}
 k - a potion of mutation {unknown}
 l - 2 potions of flight {unknown}
 r - a potion of degeneration {unknown}
 u - 2 potions of cancellation {unknown}
Books
 c - a book of Battle

   Spells                             Type                      Level
   a - Infusion                       Charms                       1
   b - Shroud of Golubria             Charms/Translocation         2
   c - Song of Slaying                Charms                       2
   d - Spectral Weapon                Hexes/Charms                 3
   e - Regeneration                   Charms/Necromancy            3
Comestibles
 d - 2 rations
 t - a chunk of flesh


   Skills:
 + Level 4.1 Fighting
 * Level 7.5 Polearms
 - Level 0.6 Armour
 - Level 2.6 Dodging
 - Level 2.0 Spellcasting
 - Level 3.2 Charms


You had 8 spell levels left.
You knew the following spells:

 Your Spells              Type           Power        Failure   Level  Hunger
a - Infusion              Chrm           #...         9%          1    ##.....


Dungeon Overview and Level Annotations

Branches:
Dungeon (4/15)
 Temple: D:4-7

Altars:
Uskayaw
Xom


Message History

* * * LOW HITPOINT WARNING * * *
You feel sick.
You hit the worker ant but do no damage.
The worker ant is severely wounded.
* * * LOW HITPOINT WARNING * * *
You feel sick. The worker ant bites you.
* * * LOW HITPOINT WARNING * * *
You hit the worker ant.
The worker ant is almost dead.
The worker ant bites you.
* * * LOW HITPOINT WARNING * * *
You hit the worker ant but do no damage.
The worker ant is almost dead.
* * * LOW HITPOINT WARNING * * *
You feel sick. The worker ant misses you.
You hit the worker ant but do no damage.
The worker ant is almost dead.
* * * LOW HITPOINT WARNING * * *
You feel sick. The worker ant bites you.
You die...

## ##### #. ...# #####.#
#.#############
#....?.###.............
........?....########.#
#..###.#.............#.##
.......)a@.............<#
.....#.)###.#...........#
........# #.######.#....#
.....#..# #.# #......#
....##..# #.# #.#....#
.#.. #.## #.# #........
... .. #.# #.#..#... .#
#. #.# #.#..#### #.#...


You could see a worker ant.

Vanquished Creatures
  An ogre (D:4)
  5 adders
  An ooze (D:2)
  2 worms (D:3)
  2 dart slugs
  5 leopard geckos
  12 orcs
  5 giant cockroaches
  9 goblins
  5 hobgoblins
  2 jackals (D:1)
  8 kobolds
  A quokka (D:3)
  9 bats
  5 frilled lizards
  12 rats
84 creatures vanquished.

Notes
Turn   | Place    | Note
-------+----------+-------------------------------------------
     0 | D:1      | snakesoul the Merfolk Skald began the quest for the Orb.
     0 | D:1      | Reached XP level 1. HP: 16/16 MP: 3/3
    75 | D:1      | Reached XP level 2. HP: 11/23 MP: 5/5
    98 | D:1      | Reached skill level 4 in Polearms
   706 | D:1      | Reached XP level 3. HP: 25/28 MP: 6/6
  1252 | D:2      | Reached skill level 5 in Polearms
  1416 | D:2      | Reached XP level 4. HP: 35/35 MP: 7/7
  1607 | D:2      | Found a shimmering altar of Xom.
  1608 | D:2      | Found a shimmering altar of Xom.
  1609 | D:2      | Found a shimmering altar of Xom.
  1609 | D:2      | Found a shimmering altar of Xom.
  1610 | D:2      | Found a shimmering altar of Xom.
  1617 | D:2      | Found a shimmering altar of Xom.
  1618 | D:2      | Found a shimmering altar of Xom.
  1667 | D:2      | Found a hide-covered altar of Uskayaw.
  2259 | D:3      | Reached skill level 6 in Polearms
  2452 | D:3      | Reached XP level 5. HP: 25/41 MP: 8/8
  3153 | D:4      | Noticed an ogre
  3173 | D:4      | Killed an ogre
  3173 | D:4      | Reached skill level 7 in Polearms
  3173 | D:4      | Reached XP level 6. HP: 23/48 MP: 0/9
  3213 | D:4      | HP: 2/48 [poisoned by a worker ant]
  3214 | D:4      | Slain by a worker ant

Skill      XL: |  1  2  3  4  5 |
---------------+----------------+-----
Polearms       | 4 5 6 7 |  7.5
Fighting       | 3 4 |  4.1
Armour         | |  0.6
Dodging        | |  2.6
Spellcasting   | |  2.0
Charms         | |  3.2

Action                   |  1- 3 |  4- 6 || total
-------------------------+-------+-------++-------
Melee: Spear             |   154 |   226 ||   380
       Tailslap          |       |     2 ||     2
 Cast: Infusion          |       |     2 ||     2
 Stab: Sleeping          |     1 |     2 ||     3
  Eat: Chunk             |     2 |     6 ||     8
Armor: Leather armour    |    32 |    28 ||    60
Dodge: Dodged            |    79 |    91 ||   170
